 Dungeon Crawl Stone Soup version 0.28-a0-245-g639a1a48b9 (webtiles) character file.

Game seed: 1097074024524755731

2709 porpoise the Basher (level 9, -5/153 HPs)
             Began as an Ogre Arcane Marksman on Aug 25, 2021.
             Slain by a wyvern (9 damage)
             ... on level 8 of the Dungeon.
             The game lasted 00:39:42 (12216 turns).

porpoise the Basher (Ogre Arcane Marksman)         Turns: 12216, Time: 00:39:42

Health: -5/153     AC: 24    Str: 16    XL:     9   Next: 66%
Magic:  10/10      EV:  1    Int: 17    God:
Gold:   1394       SH:  0    Dex:  9    Spells: 6/10 levels left

rFire   . . .      SeeInvis .   b - +0 flail
rCold   . . .      Faith    .   (no shield)
rNeg    + + +      Spirit   .   (armour currently unavailable)
rPois   +          Reflect  .   (helmet currently unavailable)
rElec   .          Harm     .   (cloak currently unavailable)
rCorr   +          Rampage  .   (gloves unavailable)
Will    .....      NoTele   +   (boots unavailable)
Stlth   +.........              (no amulet)
HPRegen 0.35/turn               h - ring of resist corrosion
MPRegen 0.12/turn               (no ring)

@: tree-form, studying Evocations
A: stationary, stasis, torment immunity, boosted hp, large, unfitting armour,
(tough skin 1), (iridescent scales 1), robust 1, (sturdy frame 1)
a: no special abilities


You were on level 8 of the Dungeon.
You were a tree.
You visited 2 branches of the dungeon, and saw 9 of its levels.
You also visited: Sewer.

You collected 1394 gold pieces.

Inventory:

Hand Weapons
 a - a +2 vampiric dagger
 b - a +0 flail (weapon)
Missiles
 e - 166 stones
 g - 3 boomerangs (quivered)
 i - 37 poisoned darts
 l - 3 datura-tipped darts
 w - 36 sling bullets
 C - 2 large rocks
Armour
 z - +0 steam dragon scales
 G - a +2 robe of willpower (melded)
Magical Staves
 r - a staff of fire
Jewellery
 h - a ring of resist corrosion (left branch)
 p - a +6 ring of intelligence
Wands
 c - a wand of flame (28)
 x - a wand of iceblast (4)
Scrolls
 d - 2 scrolls of blinking
 j - a scroll of magic mapping
 k - 3 scrolls of teleportation
 m - 2 scrolls of enchant armour
 o - 2 scrolls of fog
 t - 2 scrolls of noise
 v - a scroll of identify
 y - a scroll of fear
 F - a scroll of amnesia
Potions
 f - a potion of magic
 n - 2 potions of mutation
 q - 2 potions of haste
 u - a potion of ambrosia {unknown}
 A - 2 potions of brilliance
 D - a potion of flight {unknown}
 H - a potion of might {unknown}


   Skills:
 + Level 7.1 Fighting
 - Level 8.0 Maces & Flails
 - Level 6.0 Throwing
 - Level 5.0 Dodging
 - Level 1.2 Spellcasting
 - Level 2.6 Hexes
 + Level 1.0 Evocations


You had 6 spell levels left.
You knew the following spells:

 Your Spells              Type           Power      Damage    Failure   Level
c - Corona                Hex            11%        N/A       7%          1
p - Portal Projectile     Hex/Tloc       10%        N/A       36%         3

Your spell library contained the following spells:

 Spells                   Type           Power      Damage    Failure   Level
 Slow                     Hex            10%        N/A       11%         2
 Sandblast                Erth           2%         2d4       22%         1
 Corpse Rot               Necr/Air       N/A        N/A       32%         2
 Passwall                 Tmut/Erth      0%         N/A       32%         2
 Poisonous Vapours        Pois/Air       2%         N/A       32%         2
 Inner Flame              Hex/Fire       5%         N/A       36%         3
 Ozocubu's Armour         Ice            1%         N/A       54%         3
 Cause Fear               Hex            5%         N/A       56%         4
 Metabolic Englaciation   Hex/Ice        2%         N/A       98%         5
 Freezing Cloud           Conj/Ice/Air   0%         6-21      99%         5
 Lee's Rapid Deconstruct  Erth           0%         3d5*      99%         5
 Simulacrum               Ice/Necr       0%         N/A       100%        6


Dungeon Overview and Level Annotations

Branches:
Dungeon (8/15)             Temple (1/1) D:6           Sewer (visited)
   Lair: D:8-11

Altars:
Ashenzari
Cheibriados
Dithmenos
Elyvilon
Gozag
Hepliaklqana
Makhleb
Qazlal
Ru
Trog
Uskayaw
Vehumet
Wu Jian
Yredelemnul
Zin
Lugonu


Innate Abilities, Weirdness & Mutations

You are a tree.
Your roots penetrate the ground, keeping you stationary.
You cannot be teleported.
You are immune to unholy pain and torment.
Your maximum health is greatly increased.
Your equipment is partially melded.
You are too large for most types of armour.
((You have tough skin. (AC +1)))
((You are partially covered in iridescent scales. (AC +2)))
You are robust. (+10% HP)
((Your movements are slightly less encumbered by armour. (ER -2)))


Message History

You hit the wyvern.
The wyvern is severely wounded.
The wyvern bites you. The wyvern bites you!
You hit the wyvern but do no damage.
The wyvern is severely wounded.
The wyvern bites you!
You hit the wyvern.
The wyvern is severely wounded.
The wyvern bites you. The wyvern barely misses you.
You barely miss the wyvern.
The wyvern is severely wounded.
The wyvern bites you!
You closely miss the wyvern.
The wyvern is severely wounded.
The wyvern bites you!
* * * LOW HITPOINT WARNING * * *
The wyvern bites you but does no damage.
You hit the wyvern but do no damage.
The wyvern is severely wounded.
The wyvern barely misses you.
You hit the wyvern.
The wyvern is severely wounded.
The wyvern bites you!
* * * LOW HITPOINT WARNING * * *
The wyvern bites you but does no damage.
You hit the wyvern.
The wyvern is severely wounded.
The wyvern bites you!
* * * LOW HITPOINT WARNING * * *
Okay, then.
Okay, then.
Unknown command.
Okay, then.
Unknown command.
It was a potion of lignification.
You turn into a tree.
Your +2 robe of willpower melds into your body.
You feel less strong-willed.
Your roots penetrate the ground.
The wyvern bites you but does no damage.
The wyvern bites you!
You die...

...............
...............
...............
...............
...............
#............
#....l.......
#..♣.......
##.....#...
#######


You could see a wyvern.

Vanquished Creatures
  Maggie (D:7)
  A hornet (D:5)
  Sigmund (D:2)
  A steam dragon (D:6)
  A water moccasin (D:7)
  Purgy (Sewer)
  An orc warrior (D:6)
  2 black bears (D:6)
  A centaur (D:6)
  A scorpion (D:4)
  Blork the orc (D:6)
  6 killer bees
  A wight (D:5)
  3 howler monkeys
  A centaur zombie (D:6)
  A centaur skeleton (D:6)
  4 orc priests (D:6)
  2 hounds
  A gnoll shaman (D:6)
  Natasha (thrice) (D:4)
  A scorpion zombie (D:5)
  3 iguanas
  3 orc wizards
  A killer bee zombie (D:6)
  A hound zombie (D:5)
  A hound skeleton (D:5)
  12 gnolls
  6 adders
  2 river rats (D:4)
  A shadow imp (D:6)
  2 worms
  3 dart slugs
  12 orcs
  7 bats
  5 endoplasms
  3 giant cockroaches
  8 goblins
  6 hobgoblins
  3 jackals (D:1)
  8 quokkas
  6 ball pythons
  5 frilled lizards
  6 kobolds
  3 rats
142 creatures vanquished.

Notes
Turn   | Place    | Note
-------+----------+-------------------------------------------
     0 | D:1      | porpoise the Ogre Arcane Marksman began the quest for the
                  | Orb.
     0 | D:1      | Reached XP level 1. HP: 19/19 MP: 2/2
   569 | D:1      | Reached XP level 2. HP: 28/29 MP: 3/3
   633 | D:1      | Found a faded altar of an unknown god.
  1037 | D:1      | Reached XP level 3. HP: 33/39 MP: 4/4
  1821 | D:2      | Reached skill level 5 in Fighting
  1821 | D:2      | Reached XP level 4. HP: 47/50 MP: 5/5
  2344 | D:2      | Noticed Sigmund
  2364 | D:2      | Killed Sigmund
  2365 | D:2      | Reached XP level 5. HP: 28/62 MP: 6/6
  2649 | D:2      | Reached XP level 6. HP: 71/71 MP: 7/7
  4068 | D:3      | Gained mutation: You are robust. (+10% HP) [potion of
                  | mutation]
  4068 | D:3      | Gained mutation: You are partially covered in iridescent
                  | scales. (AC +2) [potion of mutation]
  4068 | D:3      | Gained mutation: Your movements are slightly less
                  | encumbered by armour. (ER -2) [potion of mutation]
  4069 | D:3      | HP: 3/78 [adder (4)]
  4562 | D:4      | Found a radiant altar of Vehumet.
  4585 | D:4      | Reached skill level 1 in Maces & Flails
  4628 | D:4      | Found a glowing drain.
  4676 | D:4      | HP: 3/78 [river rat (5)]
  4961 | Sewer    | Entered a sewer
  5166 | Sewer    | Noticed Purgy
  5176 | Sewer    | Killed Purgy
  5177 | Sewer    | Reached skill level 2 in Maces & Flails
  5177 | Sewer    | Reached XP level 7. HP: 48/85 MP: 8/8
  5660 | D:4      | Noticed Natasha
  5687 | D:4      | Killed Natasha
  5773 | D:4      | Noticed Natasha
  5899 | D:4      | Killed Natasha
  6074 | D:4      | Noticed Natasha
  6090 | D:4      | Killed Natasha
  6286 | D:4      | Found an opulent altar of Gozag.
  6812 | D:5      | Entered Level 5 of the Dungeon
  7048 | D:5      | Reached skill level 3 in Maces & Flails
  7391 | D:5      | Found a broken altar of Ashenzari.
  7576 | D:5      | Noticed a hornet
  7580 | D:5      | Killed a hornet
  7581 | D:5      | Reached skill level 4 in Maces & Flails
  7581 | D:5      | Reached skill level 5 in Dodging
  7581 | D:5      | Reached XP level 8. HP: 42/95 MP: 9/9
  8480 | D:6      | Reached skill level 5 in Maces & Flails
  9006 | D:6      | Learned a level 3 spell: Portal Projectile
  9059 | D:6      | Noticed Blork the orc
  9062 | D:6      | Killed Blork the orc
  9069 | D:6      | Reached skill level 6 in Maces & Flails
  9178 | D:6      | Found a staircase to the Ecumenical Temple.
  9200 | Temple   | Entered the Ecumenical Temple
  9535 | D:6      | Reached skill level 7 in Maces & Flails
  9535 | D:6      | Reached XP level 9. HP: 69/102 MP: 10/10
  9885 | D:6      | Found a sacrificial altar of Ru.
 10045 | D:7      | Identified 2 scrolls of acquirement
 10045 | D:7      | Acquired a manual of Evocations
 10047 | D:7      | Acquired 977 gold pieces
 10059 | D:7      | Found a snail-covered altar of Cheibriados.
 10442 | D:7      | Noticed Maggie
 10936 | D:7      | Reached skill level 5 in Throwing
 11068 | D:7      | HP: 5/102 [poisoned by a killer bee]
 11617 | D:7      | Found a glowing silver altar of Zin.
 11737 | D:7      | Killed Maggie
 11738 | D:7      | Reached skill level 8 in Maces & Flails
 11985 | D:7      | Reached skill level 1 in Evocations
 12215 | D:8      | HP: 2/102 [wyvern (11)]
 12216 | D:8      | Slain by a wyvern

Illustrated notes

Levels and vault maps discovered:
D:1:      mainiacjoe_arrival_reflecting_pool, layout_basic,
          chequers_ecumenical_altar_twisty
D:2:      layout_loops_ring, roderic_roman_lattice, kennysheep_potato,
          uniq_sigmund
D:3:      layout_basic, grunt_ministairs_7
D:4:      layout_loops_ring, mainiacjoe_overflow_tiny_flanked,
          nicolae_gozag_cash_rules_everything_around_me,
          gup_sewer_entry_bubbles, uniq_natasha
D:5:      layout_loops_corners, ashenzari_conservatory_becter,
          minmay_small_thing
D:6:      layout_basic, nicolae_ru_awakened_eye, minmay_temple_entry_tees,
          uniq_blork_the_orc
D:7:      layout_basic, mainiacjoe_overflow_catwalk, kennysheep_mini_moat,
          uniq_maggie
D:8:      layout_rooms, nicolae_tso_besieged_by_evil, minmay_misc_feat_cross,
          nicolae_straight_to_the_point
Temple:   corrupted_temple

Skill      XL: |  1  2  3  4  5  6  7  8  9 |
---------------+----------------------------+-----
Fighting       | 2 3 5 7 |  7.1
Dodging        | 2 3 5 |  5.0
Throwing       | 3 6 |  6.0
Maces & Flails | 2 4 7 8 |  8.0
Evocations     | 1 |  1.0
Spellcasting   | |  1.2
Hexes          | |  2.6

Action                   |  1- 3 |  4- 6 |  7- 9 || total
-------------------------+-------+-------+-------++-------
Melee: Unarmed           |    45 |       |       ||    45
       Dagger            |   134 |   227 |   138 ||   499
       Flail             |       |    19 |   189 ||   208
       Short sword       |       |       |    10 ||    10
Throw: Large rock        |     1 |    13 |    15 ||    29
       Throwing net      |       |     2 |     2 ||     4
       Stone             |       |    10 |    10 ||    20
       Boomerang         |       |       |    59 ||    59
       Dart              |       |       |    42 ||    42
Evoke: Wand              |       |       |    10 ||    10
  Use: Scroll            |       |     3 |    15 ||    18
       Potion            |       |     3 |     6 ||     9
 Stab: Sleeping          |     1 |     1 |       ||     2
Armor: Robe              |    47 |    68 |   125 ||   240
       Skin              |       |       |     1 ||     1
Dodge: Dodged            |    93 |   122 |   169 ||   384

Table legend: (Time is in decaauts)
 A = Elapsed time spent in this place.
 B = Non-inter-level travel time spent in this place.
 C = Inter-level travel time spent in this place.
 D = Time resting spent in this place.
 E = Time spent auto-exploring this place.
 F = Levels seen in this place.
 G = Mean time per level.
                   A        B        C        D        E       F      G
               +--------+--------+--------+--------+--------+-----+--------+
         Total |  12336 |  11997 |    339 |   5762 |   4031 |  10 | 1233.6 |
       Dungeon |  11788 |  11463 |    325 |   5461 |   3969 |   8 | 1473.5 |
        Temple |     47 |     33 |     14 |      0 |     27 |   1 |   47.0 |
         Sewer |    499 |    499 |      0 |    301 |     35 |   1 |  499.0 |
               +--------+--------+--------+--------+--------+-----+--------+

Top non-repeatable levels by time:
     D:4: 2272 daAuts
     D:3: 1879 daAuts
     D:6: 1856 daAuts
     D:7: 1826 daAuts
     D:1: 1420 daAuts
     D:5: 1270 daAuts
     D:2: 1250 daAuts
   Sewer: 499 daAuts
  Temple: 47 daAuts
     D:8: 12 daAuts
